 Dungeon Crawl Stone Soup version 0.30.0-30-g96aa6591b8 (webtiles) character file.

Game seed: 1304574373761025576

14962 GimliDwarf the Thaumaturge (level 12, 0/97 HPs)
             Began as a Gnoll Wanderer on June 26, 2023.
             Was a Believer of Qazlal.
             Succumbed to a cane toad's poison
             ... on level 2 of the Lair of Beasts.
             The game lasted 00:37:15 (10514 turns).

GimliDwarf the Thaumaturge (Gnoll Wanderer)        Turns: 10514, Time: 00:37:16

Health: 0/97       AC: 18    Str: 18    XL:     12   Next: 22%
Magic:  13/29      EV: 18    Int: 12    God:    Qazlal [**....]
Gold:   903        SH:  3    Dex:  8    Spells: 9/37 levels left

rFire   + + .        i - +8 trishula "Condemnation" {holy, anguish, *Noise Fly rN+}
rCold   . . .        (no shield)
rNeg    + + .        A - +2 steam dragon scales
rPois   .            s - +1 hat
rElec   .            h - +2 cloak
rCorr   .            e - +0 pair of gloves
SInv    .            (no boots)
Will    +....        c - amulet of regeneration
Stlth   +++          r - +5 ring of evasion
HPRegen 1.16/turn    p - ring of Xiureox {rF++ rN+ Will+ AC+4 Int-2}
MPRegen 0.21/turn

%: no passive effects
@: lethally poisoned (0 -> -11), flying, very slightly contaminated
A: fangs 1, strong nose, distributed training
a: Renounce Religion, Upheaval


You were on level 2 of the Lair of Beasts.
You worshipped Qazlal.
Qazlal was pleased with you.
You visited 3 branches of the dungeon, and saw 13 of its levels.

You collected 1237 gold pieces.
You spent 334 gold pieces at shops.

Inventory:

Hand Weapons
 a - a +7 falchion
 i - the +8 trishula "Condemnation" (weapon) {holy, anguish, *Noise Fly rN+}
   (You acquired it on level 4 of the Dungeon)

   rN:        It protects you from negative energy.
   Fly:       It grants you flight.
   *Noise:    It may make noises in combat.
 l - the +2 war axe of Kismet {holy, rN+ Dex+3}
   (You took it off a kobold on level 3 of the Dungeon)

   Dex:       It affects your dexterity (+3).
   rN:        It protects you from negative energy.
Missiles
 j - 5 datura-tipped darts
Armour
 e - a +0 pair of gloves (worn)
 h - a +2 cloak (worn)
 s - a +1 hat (worn)
 A - +2 steam dragon scales (worn)
 B - a +0 troll leather armour
 I - the +2 scale mail "Dauz" {Rampage Int+4}
   (You found it on level 1 of the Lair of Beasts)

   Int:       It affects your intelligence (+4).
   Rampage:   It bestows one free step when moving towards enemies.
 K - the +5 chain mail "Xasupp" {+Blink Str+3}
   (You found it on level 2 of the Lair of Beasts)

   Str:       It affects your strength (+3).
   +Blink:    It lets you blink.
Jewellery
 c - an amulet of regeneration (around neck)
 n - a ring of resist corrosion
 p - the ring of Xiureox (right hand) {rF++ rN+ Will+ AC+4 Int-2}
   (You acquired it on level 4 of the Dungeon)

   [ring of protection]

   AC:        It affects your AC (+4).
   Int:       It affects your intelligence (-2).
   rF:        It greatly protects you from fire.
   rN:        It protects you from negative energy.
   Will:      It increases your willpower.
 r - a +5 ring of evasion (left hand)
 v - an amulet of the acrobat
Wands
 t - a wand of flame (20)
 u - a wand of iceblast (14)
 x - a wand of light (10)
 E - a wand of paralysis (5)
 G - a wand of polymorph (3)
Scrolls
 b - 8 scrolls of teleportation
 y - 2 scrolls of magic mapping
 z - 2 scrolls of fear
 C - 3 scrolls of fog
 D - 3 scrolls of identify
 F - 2 scrolls of blinking
 J - a scroll of amnesia
Potions
 d - 6 potions of curing
 f - 3 potions of mutation
 g - a potion of lignification
 k - a potion of berserk rage
 m - 4 potions of haste
 o - a potion of cancellation
 q - 2 potions of might
 w - 2 potions of flight
 H - a potion of magic


   Skills:
 + Level 9.9 Fighting
 + Level 7.3 Short Blades
 + Level 7.3 Long Blades
 + Level 7.3 Axes
 + Level 7.8 Maces & Flails
 + Level 7.3 Polearms
 + Level 7.3 Staves
 + Level 7.3 Ranged Weapons
 + Level 7.3 Throwing
 + Level 7.3 Armour
 + Level 7.3 Dodging
 + Level 7.3 Stealth
 + Level 7.3 Shields
 + Level 7.3 Unarmed Combat
 + Level 13.3 Spellcasting
 + Level 6.1 Conjurations
 + Level 6.1 Hexes
 + Level 6.1 Summonings
 + Level 6.1 Necromancy
 + Level 6.1 Translocations
 + Level 6.1 Transmutations
 + Level 6.1 Fire Magic
 + Level 6.1 Ice Magic
 + Level 6.1 Air Magic
 + Level 6.1 Earth Magic
 + Level 6.1 Poison Magic
 + Level 8.0 Invocations
 + Level 7.3 Evocations


You had 9 spell levels left.
You knew the following spells:

 Your Spells              Type           Power      Damage    Failure   Level
a - Sting                 Tmut/Pois      88%        1d7       1%          1
b - Searing Ray           Conj           44%        2d6       1%          2
c - Vhi's Electric Charg  Tloc/Air       44%        N/A       1%          3
d - Airstrike             Air            11%        2d(2-18)  7%          4
e - Dispel Undead         Necr           22%        3d12      7%          4
f - Fulminant Prism       Conj/Hex       11%        3d8       7%          4
g - Fireball              Conj/Fire      11%        3d7       19%         5
h - Iskenderun's Battles  Conj           22%        2d8       19%         5

Your spell library contained the following spells:

 Spells                   Type           Power      Damage    Failure   Level
 Apportation              Tloc           44%        N/A       1%          1
 Foxfire                  Conj/Fire      88%        2x1d8     1%          1
 Magic Dart               Conj           88%        1d7       1%          1
 Shock                    Conj/Air       88%        1d8       1%          1
 Cigotuvi's Dreadful Rot  Necr/Pois/Air  44%        N/A       1%          2
 Lesser Beckoning         Tloc           44%        N/A       1%          2
 Ozocubu's Armour         Ice            22%        N/A       1%          3
 Swiftness                Air            22%        N/A       1%          3
 Alistair's Intoxication  Tmut/Pois      14%        N/A       19%         5
 Conjure Ball Lightning   Conj/Air       11%        3x3d6     71%         6
 Death Channel            Necr           11%        N/A       71%         6
 Plasma Beam              Fire/Air       11%        2x1d24    71%         6
 Starburst                Conj/Fire      11%        6d5       71%         6
 Orb of Destruction       Conj           11%        9d6       99%         7
 Ozocubu's Refrigeration  Ice            11%        4d9       99%         7


Dungeon Overview and Level Annotations

Branches:
Dungeon (10/15)            Temple (1/1) D:7            Lair (2/5) D:8
    Orc (0/2) D:10
  Swamp: Lair:2-3    Shoals: Lair:2-3     Snake: Lair:2-3    Spider: Lair:2-3

Altars:
Ashenzari
Cheibriados
Dithmenos
Elyvilon
Fedhas
Gozag
Hepliaklqana
Kikubaaqudgha
Makhleb
Nemelex Xobeh
Okawaru
Qazlal
Ru
Sif Muna
Trog
Uskayaw
Vehumet
Wu Jian
Xom
Yredelemnul
Zin
The Shining One

Shops:
D:1 ?

Annotations:
D:9 2 transporters, exclusion: orange crystal statue


Innate Abilities, Weirdness & Mutations

You have very sharp teeth.
Your uncanny sense of smell can sniff out nearby items.
Your experience applies equally to all skills.


Message History

The elephant barely misses you.
Unknown command.
Charge where?
Press: ? - help, Q - select action, (/) - cycle Dir - move target, f - cane toad, p - elephant
Aim: a cane toad (heavily wounded, anguished, 86% to hit)
You charge forward with an electric crackle!
You puncture the cane toad and electrocute it!
You bite the cane toad.
The cane toad is severely wounded.
The wolf closely misses you. The cane toad stings you!
You are poisoned.
The cane toad poisons you!
The cane toad is wracked by anguish!
The cane toad dies!
Qazlal accepts your kill. The cane toad misses you.
The elephant closely misses you. The elephant completely misses you.
The elephant tramples you but does no damage.
The elephant misses you. The wolf bites you. The wolf attacks as you move away!
The wolf bites you. The elephant attacks as you move away!
The elephant completely misses you. The elephant barely misses you.
You feel very sick.
A wolf comes into view.
The elephant closely misses you. You block the elephant's attack.
The cane toad stings you!
You are more poisoned.
The cane toad poisons you!
You feel extremely sick. The wolf closely misses you.
You feel very sick.
The elephant is no longer haunted by guilt.
The elephant tramples you.
* * * LOW HITPOINT WARNING * * *
You hold your ground!
The elephant misses you. The elephant attacks as you move away!
The elephant tramples you!
* * * LOW HITPOINT WARNING * * *
You block the elephant's attack. The elephant attacks as you move away!
The elephant barely misses you. The elephant trunk-slaps you.
* * * LOW HITPOINT WARNING * * *
You die...

# . #. #.##.##### #!.....#.#
.##.###h..# ..........# ###
..$.....Yl###.#
.......YYhY##.######
.........FY.@......#
?.......Y#P##...#..##
........#####..###..##
......).# #.#.##...###
........# #..####.....#
......... #...## ####..#
......~.~##..####..####..†.###
......~≈≈≈##..###..#.........#
......#≈≈≈≈...#.#.#..........##


You could see 6 elephants, a komodo dragon, a cane toad and 2 wolves.

Vanquished Creatures
  Gastronok (D:8)
  A two-headed ogre (D:9)
  3 death yaks
  An elephant (Lair:1)
  Maggie (D:8)
  A rime drake (Lair:1)
  Psyche (D:8)
  A komodo dragon (Lair:2)
  A troll (D:10)
  8 blink frogs
  2 wyverns
  A wraith (D:10)
  9 yaks (D:10)
  2 steam dragons
  A basilisk (Lair:1)
  6 water moccasins
  A warg (D:10)
  A black bear (D:6)
  3 orc warriors
  An ice beast (D:6)
  2 sky beasts (D:7)
  3 ogres
  7 wolves (Lair:2)
  2 centaurs
  3 kobold brigands (D:6)
  7 bullfrogs
  A gnoll sergeant (D:9)
  A scorpion (D:4)
  7 wights (D:8)
  5 howler monkeys
  2 jellies
  5 orc priests
  4 hounds
  2 sleepcaps
  An iguana (D:6)
  9 orc wizards
  9 gnolls
  8 adders
  A shadow imp (D:7)
  A white imp (D:7)
  An ufetubus (D:3)
  2 worms (D:2)
  2 dart slugs (D:2)
  21 orcs
  5 endoplasms
  4 giant cockroaches
  5 goblins
  4 hobgoblins
  3 jackals (D:1)
  24 kobolds
  7 quokkas
  13 ball pythons
  5 bats
  2 frilled lizards
  3 rats
227 creatures vanquished.

Vanquished Creatures (others)
  2 elephants (Lair:2)
  2 cane toads (Lair:2)
  A komodo dragon (Lair:1)
  A troll (D:10)
  A steam dragon (D:7)
  A howler monkey (D:8)
  An orc wizard (D:9)
  A white imp (D:5)
  2 orcs
  5 fulminant prisms
17 creatures vanquished.

Grand Total: 244 creatures vanquished

Notes
Turn   | Place    | Note
-------+----------+-------------------------------------------
     0 | D:1      | Reached skill level 11 in Spellcasting
     0 | D:1      | GimliDwarf the Gnoll Wanderer began the quest for the Orb.
     0 | D:1      | GimliDwarf set off with the following items: a +1 mace, a
                  | scroll of teleportation, a +0 leather armour; and the
                  | following spell memorised: Sting; and the following spells
                  | available to memorise: Lesser Beckoning, Searing Ray, Vhi's
                  | Electric Charge.
     0 | D:1      | Reached XP level 1. HP: 23/23 MP: 12/12
    91 | D:1      | Reached XP level 2. HP: 25/29 MP: 10/14
   120 | D:1      | Found Muytuaxi's Magic Scroll Emporium.
   123 | D:1      | Bought a scroll of identify for 22 gold pieces
   804 | D:1      | Bought a scroll of enchant armour for 82 gold pieces
   892 | D:2      | Reached XP level 3. HP: 35/35 MP: 13/15
   961 | D:2      | Reached skill level 1 in Invocations
  1143 | D:2      | Reached skill level 1 in Short Blades
  1143 | D:2      | Reached skill level 1 in Long Blades
  1143 | D:2      | Reached skill level 1 in Axes
  1143 | D:2      | Reached skill level 1 in Polearms
  1143 | D:2      | Reached skill level 1 in Staves
  1143 | D:2      | Reached skill level 1 in Ranged Weapons
  1143 | D:2      | Reached skill level 1 in Throwing
  1143 | D:2      | Reached skill level 1 in Armour
  1143 | D:2      | Reached skill level 1 in Dodging
  1143 | D:2      | Reached skill level 1 in Stealth
  1143 | D:2      | Reached skill level 1 in Shields
  1143 | D:2      | Reached skill level 1 in Unarmed Combat
  1143 | D:2      | Reached skill level 1 in Evocations
  1146 | D:2      | Learned a level 2 spell: Searing Ray
  1150 | D:2      | Learned a level 3 spell: Vhi's Electric Charge
  1228 | D:2      | Reached XP level 4. HP: 41/41 MP: 11/17
  1584 | D:3      | Found a faded altar of an unknown god.
  1865 | D:3      | Identified the +2 war axe of Kismet {holy, rN+ Dex+3}
  2170 | D:3      | Reached skill level 1 in Conjurations
  2170 | D:3      | Reached skill level 1 in Hexes
  2170 | D:3      | Reached skill level 1 in Summonings
  2170 | D:3      | Reached skill level 1 in Necromancy
  2170 | D:3      | Reached skill level 1 in Translocations
  2170 | D:3      | Reached skill level 1 in Transmutations
  2170 | D:3      | Reached skill level 1 in Fire Magic
  2170 | D:3      | Reached skill level 1 in Ice Magic
  2170 | D:3      | Reached skill level 1 in Air Magic
  2170 | D:3      | Reached skill level 1 in Earth Magic
  2170 | D:3      | Reached skill level 1 in Poison Magic
  2383 | D:4      | Identified 2 scrolls of acquirement
  2383 | D:4      | Acquired the ring of Xiureox {rF++ rN+ Will+ AC+4 Int-2}
  2503 | D:4      | Reached XP level 5. HP: 12/47 MP: 7/18
  2907 | D:4      | Reached XP level 6. HP: 51/53 MP: 10/20
  3349 | D:5      | Entered Level 5 of the Dungeon
  3375 | D:4      | Acquired the +8 trishula "Condemnation" {holy, anguish,
                  | *Noise Fly rN+}
  3375 | D:4      | Found the +8 trishula "Condemnation" {holy, anguish, *Noise
                  | Fly rN+}
  3419 | D:5      | Found a sacrificial altar of Ru.
  3419 | D:5      | Found a shimmering blue altar of Sif Muna.
  3466 | D:5      | Reached XP level 7. HP: 39/60 MP: 16/22
  4500 | D:6      | Reached XP level 8. HP: 67/67 MP: 16/23
  5285 | D:7      | Reached skill level 12 in Spellcasting
  5319 | D:7      | Noticed a wyvern
  5324 | D:7      | Killed a wyvern
  5325 | D:7      | Reached XP level 9. HP: 73/73 MP: 21/25
  5447 | D:7      | Reached skill level 5 in Maces & Flails
  5729 | D:7      | Found a staircase to the Ecumenical Temple.
  5785 | Temple   | Entered the Ecumenical Temple
  6230 | Temple   | Became a worshipper of Qazlal Stormbringer
  6607 | D:1      | Bought a scroll of identify for 22 gold pieces
  6607 | D:1      | Bought a scroll of enchant armour for 82 gold pieces
  6607 | D:1      | Bought a scroll of identify for 22 gold pieces
  6607 | D:1      | Bought a scroll of blinking for 82 gold pieces
  6607 | D:1      | Bought a scroll of identify for 22 gold pieces
  6745 | D:7      | Acquired 423 gold pieces
  6760 | D:8      | Reached skill level 5 in Invocations
  6768 | D:8      | Noticed Gastronok
  7026 | D:8      | Noticed Maggie
  7030 | D:8      | Killed Maggie
  7041 | D:8      | Learned a level 4 spell: Airstrike
  7046 | D:8      | Learned a level 4 spell: Dispel Undead
  7056 | D:8      | Learned a level 4 spell: Fulminant Prism
  7062 | D:8      | Learned a level 5 spell: Fireball
  7068 | D:8      | Learned a level 5 spell: Iskenderun's Battlesphere
  7116 | D:8      | Noticed a death yak
  7160 | D:8      | Noticed Psyche
  7316 | D:8      | Reached skill level 5 in Short Blades
  7316 | D:8      | Reached skill level 5 in Long Blades
  7316 | D:8      | Reached skill level 5 in Axes
  7316 | D:8      | Reached skill level 5 in Polearms
  7316 | D:8      | Reached skill level 5 in Staves
  7316 | D:8      | Reached skill level 5 in Ranged Weapons
  7316 | D:8      | Reached skill level 5 in Throwing
  7316 | D:8      | Reached skill level 5 in Armour
  7316 | D:8      | Reached skill level 5 in Dodging
  7316 | D:8      | Reached skill level 5 in Stealth
  7316 | D:8      | Reached skill level 5 in Shields
  7316 | D:8      | Reached skill level 5 in Unarmed Combat
  7316 | D:8      | Reached skill level 5 in Evocations
  7316 | D:8      | Reached XP level 10. HP: 81/81 MP: 26/26
  7325 | D:8      | Noticed a death yak
  7327 | D:8      | Found a staircase to the Lair.
  7329 | D:8      | Noticed a death yak
  7370 | D:7      | Killed a death yak
  7450 | D:8      | Killed a death yak
  7456 | D:8      | Killed a death yak
  7734 | D:8      | Killed Gastronok
  7941 | D:8      | Killed Psyche
  7942 | D:8      | Reached skill level 5 in Conjurations
  7942 | D:8      | Reached skill level 5 in Hexes
  7942 | D:8      | Reached skill level 5 in Summonings
  7942 | D:8      | Reached skill level 5 in Necromancy
  7942 | D:8      | Reached skill level 5 in Translocations
  7942 | D:8      | Reached skill level 5 in Transmutations
  7942 | D:8      | Reached skill level 5 in Fire Magic
  7942 | D:8      | Reached skill level 5 in Ice Magic
  7942 | D:8      | Reached skill level 5 in Air Magic
  7942 | D:8      | Reached skill level 5 in Earth Magic
  7942 | D:8      | Reached skill level 5 in Poison Magic
  7942 | D:8      | Reached XP level 11. HP: 88/89 MP: 19/27
  8013 | D:9      | Reached * piety under Qazlal
  8034 | D:9      | Noticed a two-headed ogre
  8132 | D:9      | Killed a two-headed ogre
  8239 | D:9      | Noticed a tengu warrior
  8240 | D:9      | Found a transporter.
  8240 | D:9      | Noticed a cyclops
  8240 | D:9      | Noticed a five-headed hydra
  8241 | D:9      | Noticed an orange crystal statue
  8241 | D:9      | Noticed a centaur warrior
  8243 | D:9      | Noticed a four-headed hydra
  8245 | D:9      | Found a transporter.
  8457 | D:9      | Noticed a salamander
  8460 | D:9      | a salamander changed into a yaktaur
  8503 | D:9      | a tarantella changed into a fire crab
  8503 | D:9      | Noticed a fire crab (shapeshifter)
  8686 | D:10     | Entered Level 10 of the Dungeon
  8884 | D:10     | Found a staircase to the Orcish Mines.
  9161 | D:10     | Reached skill level 13 in Spellcasting
  9767 | Lair:1   | Entered Level 1 of the Lair of Beasts
  9848 | Lair:1   | Identified the +2 scale mail "Dauz" {Rampage Int+4}
 10045 | Lair:1   | Reached ** piety under Qazlal
 10273 | Lair:2   | Identified the +5 chain mail "Xasupp" {+Blink Str+3}
 10377 | Lair:2   | Reached XP level 12. HP: 97/97 MP: 29/29
 10514 | Lair:2   | HP: 3/97 [elephant (2)]
 10514 | Lair:2   | Succumbed to a cane toad's poison

Illustrated notes

Levels and vault maps discovered:
D:1:      ncdulo_lavacross, layout_basic, serial_shops, shop
D:2:      layout_rooms, serial_bayou_lagoon_a
D:3:      layout_loops_corners, basic_ecumenical_altar
D:4:      layout_basic, kennysheep_orc_chapel
D:5:      layout_cave_pods, gammafunk_temple_overflow_pools
D:6:      layout_cave_pools
D:7:      layout_cave_pools, minmay_temple_entry_poolview, corexii_corridor_pit
D:8:      layout_basic, dpeg_lair_monsters, minivault_21, uniq_psyche,
          uniq_gastronok, uniq_maggie
D:9:      gammafunk_sealed_arena, layout_cave_pools
D:10:     layout_gridville, david_orc_3, serial_rivers,
          chequers_serial_rivers_micro_c, chequers_serial_rivers_marsh,
          chequers_serial_rivers_room_b, chequers_serial_rivers_small_3,
          nicolae_twisting_strands
Temple:   mainiacjoe_temple_big_plus
Lair:1:   layout_hall_layers, serial_bayou_pond_e, grunt_megastairs_1,
          lemuel_fruit_tree, infiniplex_staircase_pool_2
Lair:2:   layout_gridlike, guppyfry_snake_entry_garden, minmay_hedge_maze,
          beast_lair_carwin_5, grunt_megastairs_2

Skill      XL: |  1  2  3  4  5  6  7  8  9 10 11 12 |
---------------+-------------------------------------+-----
Spellcasting   | 12 13 | 13.3
Invocations    | 1 2 3 4 5 6 7 8 |  8.0
Short Blades   | 1 2 3 4 5 6 7 |  7.3
Long Blades    | 1 2 3 4 5 6 7 |  7.3
Axes           | 1 2 3 4 5 6 7 |  7.3
Polearms       | 1 2 3 4 5 6 7 |  7.3
Staves         | 1 2 3 4 5 6 7 |  7.3
Ranged Weapons | 1 2 3 4 5 6 7 |  7.3
Throwing       | 1 2 3 4 5 6 7 |  7.3
Armour         | 1 2 3 4 5 6 7 |  7.3
Dodging        | 1 2 3 4 5 6 7 |  7.3
Stealth        | 1 2 3 4 5 6 7 |  7.3
Shields        | 1 2 3 4 5 6 7 |  7.3
Unarmed Combat | 1 2 3 4 5 6 7 |  7.3
Evocations     | 1 2 3 4 5 6 7 |  7.3
Conjurations   | 1 2 3 4 5 6 |  6.1
Hexes          | 1 2 3 4 5 6 |  6.1
Summonings     | 1 2 3 4 5 6 |  6.1
Necromancy     | 1 2 3 4 5 6 |  6.1
Translocations | 1 2 3 4 5 6 |  6.1
Transmutations | 1 2 3 4 5 6 |  6.1
Fire Magic     | 1 2 3 4 5 6 |  6.1
Ice Magic      | 1 2 3 4 5 6 |  6.1
Air Magic      | 1 2 3 4 5 6 |  6.1
Earth Magic    | 1 2 3 4 5 6 |  6.1
Poison Magic   | 1 2 3 4 5 6 |  6.1
Maces & Flails | 3 4 5 6 7 |  7.8
Fighting       | 7 8 9 |  9.9

Action                     |  1- 3 |  4- 6 |  7- 9 | 10-12 || total
---------------------------+-------+-------+-------+-------++-------
  Melee: Mace              |    49 |    16 |       |       ||    65
         Bite              |     5 |     9 |    11 |    29 ||    54
         War axe           |       |    60 |       |       ||    60
         Punch             |       |     4 |     5 |    11 ||    20
         Trishula          |       |    15 |   177 |   249 ||   441
   Cast: Sting             |    41 |    18 |     4 |       ||    63
         Searing Ray       |       |     7 |    10 |       ||    17
         Vhi's Electric Ch |       |       |     8 |    35 ||    43
         Airstrike         |       |       |     1 |     9 ||    10
         Fulminant Prism   |       |       |       |     5 ||     5
  Evoke: Wand              |       |       |     1 |     5 ||     6
    Use: Scroll            |     4 |    10 |    11 |     8 ||    33
   Stab: Distracted        |       |     1 |       |       ||     1
         Sleeping          |       |     3 |     3 |       ||     6
         Invisible         |       |       |       |     2 ||     2
 Armour: Leather armour    |    34 |    57 |    45 |       ||   136
         Steam dragon scal |       |       |    22 |   120 ||   142
  Dodge: Dodged            |    57 |    68 |   160 |   326 ||   611
  Block: Other             |       |       |       |    24 ||    24
